Map: Orbital Shipyard

Players

VampyWorm

  • Race: Protoss Protoss
  • League: Master

MiaKhalifa - Winner!

  • Race: Zerg Zerg
  • League: Diamond

VOD

Have the link to the VOD?

Description

Time

  • Played on: Sept. 26, 2015, 1:58 p.m.
  • Length: 14:59
Show
View Real Time Build Order
Export as new Build Order

VampyWorm Protoss 

Build Orders: 1 Gate Expand 

Get SALT Encoding   

  12  0:00  Probe (Chrono Boost)  
  13  0:17  Probe (Chrono Boost), Pylon  
  14  0:27  Probe (Chrono Boost)  
  15  0:37  Gateway, Probe (Chrono Boost)  
  16  0:47  Probe (Chrono Boost)  
  17  0:57  Probe (Chrono Boost)  
  18  1:12  Nexus  
  18  1:19  Assimilator  
  18  1:24  Assimilator  
  18  1:33  Cybernetics Core  
  18  1:35  Probe (Chrono Boost)  
  19  1:44  Probe (Chrono Boost)  
  20  1:54  Probe (Chrono Boost)  
  22  2:10  Pylon  
  22  2:13  Mothership Core (Chrono Boost)  
  23  2:20  Warp Gate  
  23  2:24  Adept  
  23  2:27  Probe (Chrono Boost)  
  26  2:30  Probe (Chrono Boost)  
  27  2:42  Robotics Facility  
  27  2:44  Gateway  
  27  2:45  Probe (Chrono Boost)  
  27  2:46  Probe (Chrono Boost)  
  29  2:52  Stalker (Chrono Boost)  
  31  2:58  Probe  
  31  3:00  Probe  
  33  3:08  Probe  
  35  3:12  Probe  
  35  3:18  Probe  
  35  3:25  Probe  
  37  3:28  Gateway, Probe  
  37  3:29  Observer (Chrono Boost)  
  39  3:39  Probe  
  39  3:40  Gateway  
  39  3:41  Probe, Pylon  
  39  3:45  Assimilator  
  41  3:49  Probe  
  41  3:52  Warp Prism (Chrono Boost)  
  44  3:57  Probe  
  44  3:59  Probe  
  46  4:05  Assimilator  
  46  4:09  Probe x2  
  48  4:21  Probe  
  48  4:23  Stalker  
  51  4:28  Pylon  
  51  4:29  Probe  
  52  4:38  Pylon  
  52  4:41  Forge  
  52  4:46  Probe  
  52  4:48  Probe  
  52  4:49  Robotics Bay  
  52  4:51  Observer (Chrono Boost)  
  55  5:00  Probe  
  55  5:03  Probe  
  55  5:04  Adept x2  
  55  5:05  Adept x2  
  65  5:15  Probe  
  66  5:26  Protoss Ground Armor Level 1  
  66  5:34  Nexus  
  66  5:35  Stalker  
  66  5:36  Stalker  
  66  5:40  Pylon x2  
  70  5:44  Gravitic Drive  
  70  5:49  Twilight Council  
  70  5:56  Probe, Disruptor (Chrono Boost)  
  70  5:58  Probe  
  70  6:00  Gateway  
  70  6:02  Gateway  
  75  6:05  Probe  
  75  6:08  Pylon  
  75  6:10  Probe  
  77  6:13  Adept x2  
  77  6:15  Probe  
  82  6:22  Probe  
  83  6:25  Probe, Disruptor (Chrono Boost)  
  87  6:37  Stalker  
  87  6:38  Stalker x2  
  93  6:51  Gateway, Probe x2  
  93  6:53  Probe  
  96  6:54  Disruptor (Chrono Boost)  
  96  7:01  Probe  
  100  7:09  Stalker x2  
  100  7:10  Adept x2  
  108  7:19  Blink  
  108  7:20  Protoss Ground Weapons Level 1, Pylon, Probe  
  108  7:21  Pylon  
  109  7:23  Assimilator  
  109  7:24  Assimilator  
  109  7:36  Colossus (Chrono Boost)  
  115  7:45  Probe, Pylon  
  115  7:47  Probe x2  
  115  7:48  Pylon  
  116  7:59  Probe  
  116  8:00  Stalker x2  
  116  8:01  Stalker x2  
  116  8:05  Probe  
  125  8:07  Robotics Facility  
  125  8:09  Pylon  
  126  8:15  Probe  
  126  8:16  Probe  
  126  8:17  Probe  
  126  8:18  Dark Shrine  
  129  8:22  Colossus (Chrono Boost)  
  129  8:25  Probe  
  135  8:28  Adept x2  
  135  8:29  Stalker x2, Probe  
  145  8:58  Stalker x2  
  147  9:05  Stalker  
  149  9:14  Pylon  
  149  9:16  Extended Thermal Lance (Chrono Boost), Nexus, Pylon  
  149  9:18  Pylon x2  
  149  9:21  Pylon  
  149  9:23  Protoss Ground Weapons Level 2  
  148  9:33  Colossus (Chrono Boost)  
  148  9:35  Colossus (Chrono Boost)  
  160  9:49  Dark Templar x3  
  160  9:50  Dark Templar  
  168  9:52  Nexus  
  167  10:09  Nexus  
  167  10:10  Dark Templar x2  
  170  10:22  Charge  
  170  10:24  Archon x2  
  170  10:25  Archon  
  170  10:31  Stalker  
  172  10:36  Pylon  
  172  10:39  Pylon  
  172  10:41  Pylon  
  172  10:44  Pylon, Assimilator  
  172  10:48  Assimilator  
  172  10:50  Observer  
  173  11:09  Stalker x4  
  173  11:10  Stalker, Adept  
  183  11:39  Stalker x6  
  131  12:03  Dark Templar x2  
  131  12:04  Dark Templar x2  
  131  12:05  Stalker  
  131  12:06  Stalker  
  143  12:10  Nexus  
  143  12:15  Pylon  
  143  12:16  Immortal x2  
  143  12:19  Assimilator  
  143  12:21  Probe  
  151  12:23  Protoss Ground Weapons Level 3 (Chrono Boost), Probe  
  153  12:33  Gateway  
  153  12:36  Gateway  
  153  12:39  Gateway  
  153  12:42  Pylon  
  151  12:45  Stalker x3  
  142  13:03  Probe  
  142  13:05  Probe  
  142  13:08  Immortal x2  
  142  13:11  Stalker x3  
  142  13:12  Dark Templar x2  
  162  13:15  Archon  
  162  13:19  Archon  
  162  13:20  Archon  
  162  13:24  Probe  
  162  13:26  Probe  
  164  13:29  Probe  
  165  13:37  Stargate  
  165  13:39  Probe  
  165  13:40  Stargate  
  166  13:47  Disruptor x2  
  172  13:49  Adept x6  
  172  13:52  Probe  
  172  13:53  Probe x2  
  185  14:21  Adept x3  
  185  14:22  Dark Templar x3  
  185  14:23  Dark Templar  
  199  14:26  Archon  
Show
View Real Time Build Order
Export as new Build Order

MiaKhalifa Zerg - Winner!

Build Orders: 3 Hatch before Pool 

Get SALT Encoding   

  12  0:00  Drone  
  13  0:12  Overlord  
  13  0:17  Drone  
  14  0:30  Drone x2  
  14  0:34  Drone  
  17  0:45  Drone  
  18  0:57  Hatchery, Drone  
  18  1:06  Drone  
  19  1:21  Hatchery  
  19  1:25  Drone  
  19  1:38  Drone, Spawning Pool  
  19  1:41  Drone  
  20  1:50  Drone  
  21  2:03  Overlord  
  21  2:12  Drone x2  
  23  2:23  Drone  
  23  2:24  Drone  
  23  2:25  Queen x2  
  29  2:30  Zergling x2  
  29  2:33  Queen, Zergling x2  
  29  2:34  Zergling x2  
  34  2:44  Drone x3  
  37  2:48  Extractor  
  36  2:51  Extractor  
  36  2:54  Drone, Overlord  
  36  2:55  Drone  
  37  3:01  Queen  
  37  3:04  Queen  
  41  3:08  Drone  
  42  3:16  Drone x3, Overlord  
  42  3:19  Drone  
  46  3:27  Overlord  
  46  3:29  Drone x2  
  48  3:40  Metabolic Boost  
  48  3:41  Drone x2  
  49  3:42  Drone x3  
  53  3:48  Roach Warren  
  53  3:50  Drone  
  53  3:51  Drone  
  54  3:58  Drone, Overlord  
  55  4:08  Overlord  
  55  4:12  Extractor  
  55  4:13  Drone x2  
  55  4:14  Drone x3  
  55  4:16  Overlord x2  
  59  4:28  Overlord x2  
  59  4:32  Drone x2  
  59  4:33  Drone x3  
  59  4:34  Roach  
  59  4:35  Drone x2  
  59  4:36  Extractor  
  69  4:45  Roach  
  69  4:46  Roach x3  
  75  5:00  Roach  
  75  5:01  Roach x6  
  75  5:06  Roach  
  91  5:07  Roach x2  
  95  5:23  Overlord x2  
  95  5:27  Extractor  
  94  5:38  Ravager x4  
  99  5:42  Drone  
  99  5:43  Drone x8  
  99  5:46  Lair  
  107  5:51  Ravager  
  107  5:52  Drone, Ravager  
  107  5:53  Drone x4  
  112  6:02  Drone x3, Overlord  
  112  6:03  Overlord  
  114  6:15  Overlord, Extractor  
  113  6:18  Drone  
  113  6:19  Overlord  
  113  6:20  Overlord  
  113  6:25  Drone x3  
  117  6:26  Evolution Chamber x2  
  117  6:27  Ravager  
  117  6:28  Ravager x5  
  121  6:37  Roach  
  123  6:48  Drone  
  123  6:50  Overseer  
  123  6:51  Hydralisk Den  
  123  6:54  Zerg Missile Weapons Level 1  
  123  6:58  Zerg Ground Armor Level 1  
  123  7:02  Glial Reconstitution  
  123  7:08  Overlord  
  123  7:09  Overlord  
  123  7:14  Overseer  
  123  7:15  Overseer  
  123  7:16  Overlord, Pneumatized Carapace  
  123  7:17  Overlord  
  123  7:18  Drone x4  
  123  7:19  Drone x3  
  130  7:26  Muscular Augments  
  130  7:29  Hatchery  
  129  7:30  Extractor  
  129  7:33  Extractor  
  129  7:35  Hydralisk x2  
  129  7:36  Hydralisk  
  133  8:04  Spire  
  132  8:08  Hydralisk  
  132  8:09  Hydralisk x4  
  142  8:18  Roach  
  142  8:19  Roach x6  
  156  8:20  Zergling x24  
  168  8:31  Drone  
  168  8:32  Roach x2  
  168  8:33  Drone x2, Infestation Pit  
  170  8:47  Ravager x2  
  170  8:48  Ravager x2  
  174  8:52  Hatchery  
  163  8:56  Overlord  
  163  9:05  Zerg Missile Weapons Level 2  
  163  9:06  Zerg Ground Armor Level 2  
  163  9:17  Corruptor  
  163  9:18  Corruptor x4  
  173  9:27  Overlord x2  
  173  9:28  Hive  
  173  9:31  Corruptor  
  173  9:39  Unknown  
  173  9:46  Corruptor x2  
  173  9:47  Corruptor x2  
  181  9:55  Ravager  
  181  9:56  Ravager  
  173  10:14  Corruptor x3  
  173  10:15  Corruptor  
  181  10:31  Roach  
  181  10:33  Hydralisk x2  
  181  10:34  Hydralisk x6  
  199  10:40  Ravager  
  200  10:59  Overlord  
  200  11:06  Corruptor x2  
  198  11:29  Greater Spire  
  198  11:35  Roach  
  198  11:36  Roach x4  
  196  11:42  Roach  
  196  11:43  Roach x2  
  193  11:48  Roach  
  193  11:50  Roach x3  
  193  11:52  Hydralisk x4, Roach  
  193  11:53  Hydralisk x4  
  193  12:05  Hydralisk x2, Roach  
  193  12:07  Zerg Missile Weapons Level 3  
  199  12:11  Zerg Ground Armor Level 3  
  199  12:21  Overlord x2  
  199  12:30  Overlord x2  
  186  12:46  Hatchery  
  172  12:53  Hydralisk x11  
  161  12:59  Overseer x2  
  161  13:02  Hydralisk  
  157  13:07  Brood Lord x2  
  157  13:08  Brood Lord x3  
  157  13:12  Spore Crawler  
  166  13:14  Spine Crawler x2  
  166  13:15  Spine Crawler  
  166  13:19  Drone  
  165  13:20  Drone x3  
  165  13:22  Brood Lord x2  
  165  13:24  Hydralisk  
  173  13:27  Spore Crawler  
  173  13:28  Spine Crawler x2  
  173  13:29  Spine Crawler x2  
  173  13:30  Drone x5  
  173  13:32  Drone x2, Spine Crawler  
  173  13:33  Spine Crawler  
  173  13:36  Drone, Spine Crawler, Hydralisk  
  173  13:37  Hydralisk x4  
  183  13:44  Brood Lord  
  185  13:56  Corruptor x2  
  185  13:58  Corruptor  
  191  14:03  Roach  
  191  14:04  Roach x3  
Tags
 
Add a new tag
Caveats
  • Supply blocks, unpowered buildings, or Contaminate may cause inaccurate times.
  • Supply counts are checked every 10 seconds.